 Dungeon Crawl Stone Soup version 0.19.0-22-gd96e5fe (webtiles) character file.

18117732 Charly the Grand Master (level 27, 240/274 HPs)
             Began as an Octopode Assassin on Nov 18, 2016.
             Was the Champion of Nemelex Xobeh.
             Escaped with the Orb
             ... and 15 runes on Nov 19, 2016!
             The game lasted 07:44:08 (85173 turns).

Charly the Grand Master (Octopode Assassin)        Turns: 85173, Time: 07:44:08

Health: 240/274    AC: 30    Str: 15    XL:     27
Magic:  37/37      EV: 40    Int: 25    God:    Nemelex Xobeh [******]
Gold:   5138       SH: 18    Dex: 27    Spells: 11 memorised, 20 levels left

rFire  + + .     SeeInvis +       - Unarmed
rCold  + + +     Gourm    .     I - +3 shield of a sewer {*Contam rPois rC+++ Int+3}
rNeg   + . .     Faith    .     N - +2 hat {MR+}
rPois  ∞         Spirit   .     F - amulet of Tusaehar {RegenMP rF++ Str-3}
rElec  +         Reflect  .     i - ring of see invisible
rCorr  .         Harm     .     E - +6 ring of dexterity
MR     ++++.                    K - +5 ring of intelligence
Stlth  +++.......               q - ring of Titiboegh {Ice MR+ Dex+2 Slay+5}
                                f - ring of protection from fire
                                h - +4 ring of strength
                                d - +4 ring of evasion
                                g - +3 ring of slaying

@: statue-form, very slow
A: almost no armour, stealthy swim, amphibious, 8 rings, constrict 8, camouflage
1, low mp 2, (gelatinous body 0)
a: End Transformation, Triple Draw, Deal Four, Stack Five, Renounce Religion
0: Orb of Zot
}: 15/15 runes: barnacled, slimy, silver, golden, iron, obsidian, icy, bone,
abyssal, demonic, glowing, magical, fiery, dark, gossamer


You escaped.
You worshipped Nemelex Xobeh.
Nemelex Xobeh was exalted by your worship.
You were full.
You were a stone statue.
You visited 17 branches of the dungeon, and saw 87 of its levels.
You visited Pandemonium 1 time, and saw 25 of its levels.
You visited the Abyss 2 times.
You also visited: Ice Cave and Wizlab.

You collected 9897 gold pieces.
You spent 4759 gold pieces at shops.

Inventory:

Missiles
 p - 5 throwing nets (quivered)
Armour
 I - the +3 shield of a sewer (worn) {*Contam rPois rC+++ Int+3}
   (You took it off a tengu conjurer on level 2 of the Depths)

   It affects your intelligence (+3).
   It renders you almost immune to cold.
   It protects you from poison.
   It causes magical contamination when unequipped.
 M - the +0 hat of the Stallion {rN++ Str+2}
   (You found it on level 2 of the Vaults)

   It affects your strength (+2).
   It greatly protects you from negative energy.
 N - a +2 hat of magic resistance (worn)
Jewellery
 a - the amulet "Gaehufamm" {Reflect Str+4 SH+5}
   (You found it on level 3 of the Tomb of the Ancients)

   [amulet of reflection]

   It shields you and reflects attacks.
   It affects your strength (+4).
   It affects your SH (+5).
 c - the ring of the Doge {rC+ EV+1 Int+3 Dex-3}
   (You found it on level 1 of the Shoals)

   [ring of evasion]

   It affects your evasion (+1).
   It affects your intelligence (+3).
   It affects your dexterity (-3).
   It protects you from cold.
 d - a +4 ring of evasion (on tentacle)
 f - a ring of protection from fire (on tentacle)
 g - a +3 ring of slaying (on tentacle)
 h - a +4 ring of strength (on tentacle)
 i - a ring of see invisible (left tentacle)
 q - the ring of Titiboegh (on tentacle) {Ice MR+ Dex+2 Slay+5}
   (You found it on level 5 of the Vaults)

   [ring of ice]

   It enhances your ice magic.
   It affects your dexterity (+2).
   It affects your accuracy and damage with ranged weapons and melee attacks
   (+5).
   It makes you vulnerable to fire.
   It protects you from cold.
   It affects your resistance to hostile enchantments.
 E - a +6 ring of dexterity (right tentacle)
 F - the amulet of Tusaehar (around mantle) {RegenMP rF++ Str-3}
   (You found it on level 5 of the Pits of Slime)

   [amulet of magic regeneration]

   It increases your magic regeneration.
   It affects your strength (-3).
   It greatly protects you from fire.
 G - a +2 ring of evasion
 K - a +5 ring of intelligence (on tentacle)
Wands
 m - a wand of heal wounds (4/9)
 Q - a wand of teleportation (4/9)
 X - a wand of digging (12/24)
Scrolls
 o - 22 scrolls of remove curse
 r - 8 scrolls of fear
 u - 13 scrolls of recharging
 y - 11 scrolls of fog
 z - 7 scrolls of blinking
 J - 11 scrolls of teleportation
Potions
 e - 6 potions of might
 j - 16 potions of heal wounds
 k - 10 potions of flight
 v - 8 potions of agility
 A - 3 potions of cancellation
 B - a potion of cure mutation
 C - 10 potions of ambrosia
 H - 2 potions of berserk rage
 L - 21 potions of curing
 U - 4 potions of haste
 V - 3 potions of magic
 Z - 3 potions of resistance
Miscellaneous
 b - a legendary deck of escape {the Cloud, left: 3}
 l - a legendary deck of escape {Velocity, left: 2}
 n - a legendary deck of summoning
 s - an ornate deck of escape {the Tomb, left: 5}
 t - a legendary deck of destruction {drawn: 1}
 w - a legendary deck of escape {the Tomb, left: 4}
 x - a legendary deck of summoning {drawn: 2}
 D - an ornate deck of escape {Velocity, left: 4}
 P - a legendary deck of escape {Velocity, left: 2}
 R - a legendary deck of escape {the Tomb, left: 4}
 S - a figurine of a ziggurat
 T - an ornate deck of escape {the Elixir, left: 4}
 W - 3 phantom mirrors
 Y - an ornate deck of escape {Velocity, left: 2}
Comestibles
 O - 15 bread rations


   Skills:
 + Level 23.0 Fighting
   Level 4.4 Short Blades
   Level 13.1 Staves
 - Level 4.1 Throwing
 + Level 23.2 Dodging
 - Level 13.8 Stealth
 - Level 16.9 Shields
 O Level 27 Unarmed Combat
 - Level 19.7 Spellcasting
 - Level 7.1 Hexes
 - Level 6.3 Charms
 - Level 7.1 Summonings
 - Level 21.7 Translocations
 - Level 11.1 Transmutations
 - Level 9.1 Air Magic
 - Level 11.4 Earth Magic
 + Level 21.1 Invocations
 - Level 13.9 Evocations


You had 20 spell levels left.
You knew the following spells:

 Your Spells              Type           Power        Failure   Level  Hunger
a - Apportation           Tloc           #######...   0%          1    None
b - Blink                 Tloc           N/A          0%          2    None
c - Confusing Touch       Hex            ######       1%          1    None
r - Regeneration          Chrm/Necr      #####.....   1%          3    None
A - Aura of Abjuration    Summ           ######....   2%          5    None
C - Controlled Blink      Tloc           N/A          1%          8    ######.
D - Dispersal             Tloc           #######...   1%          6    ##.....
Q - Silence               Hex/Air        ######....   1%          5    None
R - Repel Missiles        Chrm/Air       ######       1%          2    None
S - Statue Form           Tmut/Erth      ######...    2%          6    ##.....
Z - Deflect Missiles      Chrm/Air       ######....   14%         6    ##.....


Dungeon Overview and Level Annotations

Branches:
Dungeon (15/15)            Temple (1/1) D:7            Lair (6/6) D:11
 Shoals (4/4) Lair:2       Spider (4/4) Lair:3        Slime (5/5) Lair:6
    Orc (2/2) D:10            Elf (0/3) Orc:2        Vaults (5/5) D:13
  Crypt (3/3) Vaults:2       Tomb (3/3) Crypt:3      Depths (5/5) D:15
   Hell (1/1)                 Dis (7/7) Hell            Geh (7/7) Hell
    Coc (7/7) Hell            Tar (7/7) Hell            Zot (5/5) Depths:5

Altars:
Ashenzari
Cheibriados
Dithmenos
Elyvilon
Fedhas
Gozag
Hepliaklqana
Kikubaaqudgha
Makhleb
Nemelex Xobeh
Okawaru
Qazlal
Ru
Sif Muna
Trog
Uskayaw
Vehumet
Xom
Yredelemnul
Zin
The Shining One
Lugonu

Shops:
D:7 %   D:8 *   Orc:2 %:?[   Shoals:2 *   Vaults:2 [   Vaults:3 }   Vaults:5 *

Portals:
Hell: Depths:1 Depths:2 Depths:3 Depths:4 Depths:5
Abyss: Depths:4 Depths:5
Pandemonium: Orc:2 Depths:3
Ziggurat: Depths:2
Trove: D:14 (show abyssal rune of Zot)

Annotations:
D:9 exclusions: 3 doors and 1 more exclusion
D:11 exclusion: electric eel
D:13 exclusion: downstairs
Geh:7 Asmodeus
Tar:7 Ereshkigal


Innate Abilities, Weirdness & Mutations

You cannot wear most types of armour.
You are very stealthy in the water. (Stealth+)
You are amphibious.
You can wear up to eight rings at the same time.
You can use your tentacles to constrict eight enemies at once.
Your skin changes colour to match your surroundings (Stealth+).
((Your rubbery body absorbs attacks. (AC +1, EV +1)))
Your magical capacity is very low. (-20% MP)


Message History

(D) Dungeon (T) Temple (L) Lair (A) Shoals (N) Spider Nest (M) Slime Pits (O) Orcish Mines (E) Elven Halls (V) Vaults (C) Crypt (W) Tomb (U) Depths (H) Hell (I) Dis (G) Gehenna (X) Cocytus (Y) Tartarus (Z) Zot
Where to? (Enter - D:1, ? - help)
There is a stone staircase leading up here.
You climb upwards.
There is a stone staircase leading down here.
You see here 4 stones.
Evoke which item? (* to show all) (? for menu, Esc to quit)
Zapping:
X - a wand of digging (14/24)
Press: ? - help, Shift-Dir - straight line, f - you The rock shatters into small pieces.
This wand has 13 charges left.
Evoke which item? (* to show all) (? for menu, Esc to quit)
Zapping:
X - a wand of digging (13/24)
Press: ? - help, Shift-Dir - straight line, f - you The rock shatters into small pieces.
This wand has 12 charges left.
There is a staircase leading out of the dungeon here.
You have escaped!

..## #.# #.##.......#####.##
#... .## #.###.##.#.....# ##.##
#### ## #............#####.##
#####.##.#.#.# ##.##
#.##.....###.## #.####.####.##
#.# #####.############# #.#
#................# #.#
#8................ #.#
#................# #####.#
###################
####.....####.# #.(........#
#.............# #.########.#
#.##.########## #.# #.#
#.##......# #.# #.###
#.##..###.#######.#### #.#.##
#.##..###........(...#####....#


There were no monsters in sight!

Vanquished Creatures
  Cerebov (Pan)
  Antaeus (Coc:7)
  the Royal Jelly (Slime:5)
  Gloorx Vloq (Pan)
  the Serpent of Hell (Geh:7)
  Dispater (Dis:7)
  4 orbs of fire (Zot:5)
  Mara (Shoals:3)
  Mennas (Vaults:3)
  12 ancient liches
  33 greater mummies
  Sojobo (Tomb:1)
  Boris (Tomb:1)
  Frederick (Vaults:3)
  Bai Suzhen (Vaults:3)
  6 shard shrikes
  Xtahua (Vaults:3)
  A caustic shrike (Depths:3)
  9 pandemonium lords (Pan)
  A Killer Klown (Zot:5)
  Geryon (Hell)
  7 golden dragons
  the Enchantress (Depths:3)
  A profane servitor (Abyss:1)
  Jory (Tomb:2)
  A Hellbinder (WizLab)
  14 Tzitzimimeh
  4 doom hounds
  17 bone dragons
  An iron giant (Dis:7)
  2 electric golems (Zot:5)
  15 tentacled monstrosities
  9 Brimstone Fiends
  17 Ice Fiends
  11 Hell Sentinels
  30 Orb Guardians
  14 liches
  Asterion (Spider:4)
  4 quicksilver dragons
  9 titans
  14 acid blobs
  21 Executioners
  A sphinx (shapeshifter) (Vaults:5)
  8 sphinxes
  8 death cobs
  2 eldritch tentacles
  Polyphemus (Shoals:2)
  Frances (Shoals:2)
  Murray (Hell)
  10 tentacled starspawn
  11 ancient champions
  15 shadow dragons
  22 storm dragons
  11 daevas (Pan)
  Donald (Spider:2)
  13 tengu reavers
  2 draconian monks
  5 revenants
  Ilsuiw (Shoals:4)
  Roxanne (Spider:1)
  7 frost giants
  7 azure jellies
  13 fire giants
  15 cacodemons
  3 draconian knights
  2 orc warlords (Vaults:5)
  13 vault wardens
  22 balrugs
  A draconian scorcher (Zot:5)
  9 iron dragons
  6 ghost moths
  2 curse skulls (Pan)
  A draconian zealot (Zot:1)
  2 deep elf sorcerers (Abyss:4)
  4 emperor scorpions
  5 draconian shifters
  8 draconian annihilators
  3 warmongers
  32 reapers
  2 elemental wellsprings
  A draconian caller (Zot:4)
  12 ironheart preservers
  20 stone giants
  A ghoul (Vaults:2)
  5 blood saints (Pan)
  4 deep elf demonologists
  3 entropy weavers
  5 war gargoyles
  3 ophanim
  3 black draconians
  22 very ugly things
  5 green draconians
  2 bennus (Tomb:3)
  6 vampire knights
  4 black suns (Pan)
  5 lorocyprocas (Pan)
  7 corrupters (Pan)
  6 red draconians
  An apis (Pan)
  4 deep elf annihilators
  6 yellow draconians
  9 white draconians
  A purple draconian (Zot:1)
  4 dire elephants
  7 spark wasps
  9 mottled draconians
  7 ettins
  26 blizzard demons
  An eidolon (Crypt:1)
  4 death oozes (Slime:5)
  51 large abominations
  7 merfolk impalers
  5 merfolk javelineers
  19 green deaths
  19 mummy priests
  4 deep elf death magi
  2 crystal guardians
  Josephine (D:10)
  2 jiangshi (Crypt:3)
  20 yaktaur captains
  13 fire dragons
  4 quicksilver dragon zombies
  15 great orbs of eyes
  Fannar (Orc:1)
  7 deep elf high priests
  The ghost of Oozefury the Cleaver, a journeyman MiMo of the Shining One (D:11)
  32 vault guards
  2 kraken zombies
  5 monstrous demonspawn
  3 quicksilver dragon skeletons
  9 ogre magi
  14 small abominations
  8 rakshasas
  8 hell beasts
  28 ice dragons
  11 spriggan air magi
  4 hydras
  2 merfolk avatars (Shoals:3)
  5 death knights
  A satyr (shapeshifter) (Vaults:4)
  4 catoblepae
  A ghost crab (Tar:6)
  2 anacondas
  9 death yaks
  9 merfolk aquamancers
  Erica (D:8)
  A dancing weapon (Crypt:3)
  11 hell hogs
  45 death scarabs
  19 centaur warriors
  18 tengu warriors
  3 vampire magi
  18 spriggan berserkers
  6 satyrs
  10 deep troll shamans
  12 deep troll earth magi
  A shock serpent (shapeshifter) (D:15)
  40 sun demons
  2 storm dragon zombies
  6 holy swine (Pan)
  Urug (D:11)
  7 wretched stars
  10 orc high priests
  40 soul eaters
  3 shock serpents (Pan)
  5 thrashing horrors
  4 iron golems
  9 deep elf knights
  46 hell knights
  2 fire crabs (Shoals:3)
  18 sixfirhies
  12 shadow wraiths
  8 anaconda zombies
  3 titan skeletons
  9 storm dragon skeletons
  A glowing orange brain (shapeshifter) (D:13)
  2 spark wasp zombies (Depths:1)
  7 gelid demonspawn
  8 torturous demonspawn
  15 sea snakes
  3 death drakes
  A ghost moth zombie (Tar:5)
  2 quicksilver dragon simulacra (Depths:2)
  3 golden dragon zombies
  8 iron trolls
  15 shadow demons
  2 kraken simulacra (Coc:7)
  2 cherubim (Pan)
  9 flayed ghosts
  31 deep trolls
  6 unseen horrors
  104 skeletal warriors
  8 glowing orange brains
  10 infernal demonspawn
  8 phantasmal warriors
  3 anaconda skeletons
  A lindwurm (shapeshifter) (Vaults:1)
  8 wizards
  3 shadow dragon zombies
  22 harpies
  3 golden dragon skeletons
  9 deep elf archers
  10 hill giants
  20 necromancers
  20 ironbrand convokers
  A mana viper (Shoals:4)
  4 orc sorcerers
  4 iron dragon zombies
  22 orc knights
  4 frost giant zombies
  4 worldbinders
  30 deep elf magi
  76 ugly things
  A salamander (shapeshifter) (D:14)
  6 shadow dragon skeletons
  13 orb spiders
  40 wolf spiders
  A sphinx skeleton (Depths:1)
  3 shining eyes
  2 fire giant zombies (Coc:7)
  18 manticores
  6 stone giant zombies
  An iron dragon skeleton (Geh:1)
  A moth of wrath (shapeshifter) (Vaults:5)
  22 rust devils
  10 fauns
  21 moths of wrath
  3 elephants (Lair:6)
  5 stone giant skeletons
  12 cyclopes
  Joseph (D:8)
  3 fire giant skeletons
  2 apocalypse crabs
  3 eyes of devastation
  3 frost giant skeletons
  An ice statue (Depths:2)
  4 dire elephant zombies
  5 black mambas
  A naga mage (Vaults:2)
  14 water nymphs
  9 sirens
  6 molten gargoyles (Geh:7)
  6 torpor snails
  26 smoke demons
  14 vault sentinels
  26 orange demons
  5 titan simulacra
  4 gargoyles
  2 dire elephant skeletons
  5 spectral swamp worms (Depths:5)
  A black draconian zombie (Crypt:2)
  9 spiny frogs
  2 storm dragon simulacra (Coc:7)
  2 emperor scorpion zombies
  2 shock serpent skeletons (Geh:2)
  19 hellions
  30 freezing wraiths
  A rime drake (shapeshifter) (Vaults:1)
  3 komodo dragons
  78 yaktaurs
  A catoblepas zombie (Abyss:4)
  23 demonic crawlers
  4 kobold demonologists
  7 efreet
  13 hellwings
  A mottled draconian skeleton (Crypt:2)
  27 ice devils
  4 ancient zymes
  A purple draconian skeleton (Crypt:1)
  11 tengu conjurers
  26 tormentors
  12 trolls
  A silent spectre (Tar:6)
  5 anaconda simulacra
  A jumping spider (shapeshifter) (Depths:4)
  3 meliai (D:14)
  2 harpy zombies (Dis:7)
  36 jumping spiders
  41 merfolk
  A meliai (shapeshifter) (Abyss:4)
  A minotaur zombie (Coc:5)
  16 hydra zombies
  45 guardian mummies
  39 red devils
  2 harpy skeletons
  5 wind drakes
  18 two-headed ogres
  2 tyrant leeches
  4 polar bears (Lair:4)
  6 fire dragon zombies
  6 hornets
  3 ice dragon zombies
  A raiju (shapeshifter) (Vaults:1)
  15 raiju
  68 slime creatures
  13 hippogriffs
  6 alligator zombies
  7 hydra skeletons
  4 bog bodies (Coc:7)
  10 blink frogs
  7 ettin zombies
  15 snapping turtles
  A frost giant simulacrum (Vaults:2)
  7 dream sheep
  A centaur simulacrum (D:14)
  92 flying skulls
  An ice dragon skeleton (Abyss:4)
  3 fire dragon skeletons
  6 ettin skeletons
  81 redbacks
  A spriggan (shapeshifter) (Vaults:2)
  2 black mamba zombies
  17 water elementals
  25 wraiths
  15 shadows
  13 air elementals
  3 vampires
  An alligator skeleton (Geh:4)
  43 ynoxinuls
  2 spriggans
  17 fire elementals
  33 tarantellas
  38 yaks
  8 wyverns
  2 fire bats (Shoals:3)
  22 ushabtiu
  7 vampire mosquitoes
  Grum (D:11)
  4 hungry ghosts
  3 golden eyes (Slime:5)
  A basilisk (shapeshifter) (Depths:5)
  6 basilisks
  25 chaos spawn
  15 neqoxecs
  Menkaure (D:7)
  A death yak simulacrum (IceCv)
  An insubstantial wisp (Abyss:4)
  A mottled dragon (D:13)
  A swamp worm (shapeshifter) (Vaults:5)
  A gelid demonspawn zombie (Crypt:1)
  16 wargs
  3 hydra simulacra (Coc:7)
  A soldier ant (D:14)
  A floating eye (Slime:5)
  9 water moccasins
  25 hell hounds
  11 porcupines
  A hell hound (shapeshifter) (Vaults:5)
  6 spiny frog zombies
  A gelid demonspawn skeleton (Coc:5)
  A merfolk skeleton (Crypt:1)
  4 spiny frog skeletons
  12 ice beasts
  2 black bears
  63 orc warriors
  5 sky beasts
  7 necrophages
  2 swamp dragon zombies
  2 hornet zombies
  6 eyes of draining
  39 starcursed masses
  7 ettin simulacra
  35 ogres
  21 wolves
  9 phantoms
  12 boggarts
  4 snapping turtle skeletons
  26 centaurs
  13 crocodiles
  4 swamp dragon skeletons
  An elf simulacrum (Vaults:1)
  8 big kobolds
  A big kobold (shapeshifter) (Vaults:5)
  2 elf zombies
  18 bullfrogs
  A spiny frog simulacrum (Coc:1)
  31 scorpions
  A wyvern skeleton (D:14)
  A warg skeleton (Crypt:1)
  5 killer bees
  An elephant simulacrum (IceCv)
  6 howler monkeys
  56 wights
  2 spriggan skeletons (D:9)
  2 electric eels (Spider:1)
  8 centaur zombies
  21 crimson imps
  4 quasits
  18 jellies
  25 orc priests
  A black bear zombie (Crypt:1)
  A gnoll shaman (D:4)
  3 bullfrog skeletons
  7 hounds
  14 iron imps
  27 orc wizards
  14 human skeletons
  5 centaur skeletons
  Terence (D:3)
  4 iguanas
  3 hell rats (Hell)
  A hell rat (shapeshifter) (Depths:4)
  18 worker ants
  A polar bear simulacrum (IceCv)
  A killer bee zombie (D:7)
  2 ogre zombies
  A naga skeleton (Crypt:1)
  A tengu skeleton (Coc:4)
  2 hound skeletons (D:11)
  49 mummies
  A worker ant zombie (D:8)
  15 gnolls
  12 adders
  A river rat (D:11)
  5 shadow imps
  16 white imps
  3 ufetubi
  3 oozes
  3 adder skeletons
  An adder zombie (D:10)
  4 worms
  A dart slug (D:1)
  5 leopard geckos
  126 orcs
  7 giant cockroaches
  7 goblins
  4 hobgoblins
  18 jackals
  8 quokkas
  3 bats
  2 frilled lizards
  A goblin skeleton (D:6)
  8 hobgoblin zombies (D:6)
  22 kobolds
  A kobold skeleton (Geh:7)
  3 orc zombies (D:6)
  A quokka skeleton (D:7)
  A quokka zombie (D:9)
  11 rats
  6 crawling corpses
  A fire vortex (Geh:4)
  A plant (Lair:4)
  A starspawn tentacle (Abyss:1)
  3 tentacles (Hell)
4413 creatures vanquished.

Vanquished Creatures (collateral kills)
  Nikola (Shoals:3)
  A cacodemon (Pan)
  2 emperor scorpions (Spider:4)
  A merfolk impaler (Shoals:4)
  2 death oozes (Slime:5)
  A hydra (Lair:4)
  2 death yaks (Lair:3)
  2 death scarabs (Tomb:2)
  A deep troll shaman (Vaults:4)
  A slime creature (D:14)
  3 hill giants (D:11)
  2 orc knights (Orc:2)
  An orc sorcerer (Orc:1)
  A shining eye (Spider:3)
  2 orb spiders (Spider:4)
  A moth of wrath (Spider:3)
  A wolf spider (Spider:4)
  2 sirens (Lair:2)
  5 freezing wraiths (IceCv)
  3 hornets (Spider:4)
  4 merfolk
  A blink frog (Lair:2)
  7 redbacks
  6 yaks
  A basilisk (D:11)
  A chaos spawn (Pan)
  A neqoxec (Pan)
  A porcupine (D:11)
  An orc warrior (Orc:2)
  3 ice beasts (IceCv)
  An alligator simulacrum (IceCv)
  A centaur (D:13)
  A crocodile (D:11)
  A big kobold (D:11)
  3 scorpions (Spider:3)
  A crimson imp (D:11)
  3 mummies (Tomb:2)
  A river rat (D:11)
  A white imp (IceCv)
  2 orcs (Orc:2)
  A kobold (D:11)
  A plant (Lair:2)
78 creatures vanquished.

Vanquished Creatures (others)
  An eldritch tentacle (Pan)
  A ghost moth (Spider:4)
  A death ooze (Slime:5)
  A green death (Dis:7)
  A yaktaur captain (Depths:2)
  10 death scarabs
  A deep elf knight (Vaults:4)
  A sea snake (Shoals:4)
  A shadow demon (Pan)
  An orc knight (Vaults:4)
  5 orb spiders
  3 yaktaurs (Depths:1)
  A demonic crawler (Hell)
  A jumping spider (Shoals:4)
  A shadow (Geh:2)
  A ynoxinul (Pan)
  7 flying skulls
  2 water elementals
  A chaos spawn (Pan)
  A floating eye (Depths:2)
  2 orc warriors (Vaults:2)
  An ogre (Vaults:4)
  2 centaurs
  A boggart (Depths:1)
  4 scorpions (Spider:3)
  5 killer bees (D:8)
  3 hell rats (Hell)
  3 mummies
  7 ball lightnings
  2 orcs
  A crawling corpse (Depths:2)
  A fire vortex (Pan)
  15 fungi
  A lurking horror (Abyss:1)
  20 plants
  16 starspawn tentacles
  14 tentacles
140 creatures vanquished.

Grand Total: 4631 creatures vanquished

Notes
Turn   | Place    | Note
-------+----------+-------------------------------------------
     0 | D:1      | Charly the Octopode Assassin began the quest for the Orb.
     0 | D:1      | Reached XP level 1. HP: 14/14 MP: 1/1
   346 | D:1      | Reached XP level 2. HP: 19/19 MP: 2/2
   673 | D:1      | Reached XP level 3. HP: 20/24 MP: 3/3
  1122 | D:2      | Found a sacrificial altar of Ru.
  1448 | D:2      | Reached XP level 4. HP: 25/29 MP: 4/4
  1584 | D:2      | Found a stormy altar of Qazlal.
  1966 | D:3      | Found a white marble altar of Elyvilon.
  2007 | D:3      | Noticed Terence
  2029 | D:3      | Killed Terence
  2205 | D:3      | Reached XP level 5. HP: 34/34 MP: 5/5
  2820 | D:4      | Noticed an ogre
  2842 | D:4      | Killed an ogre
  2842 | D:4      | Reached XP level 6. HP: 39/39 MP: 6/6
  3196 | D:4      | Reached skill level 10 in Stealth
  3538 | D:4      | Reached XP level 7. HP: 45/45 MP: 7/7
  3917 | D:5      | Entered Level 5 of the Dungeon
  4651 | D:6      | Reached XP level 8. HP: 50/50 MP: 8/8
  5255 | D:6      | Found a glowing golden altar of the Shining One.
  5884 | D:6      | Found a shadowy altar of Dithmenos.
  6193 | D:6      | Found a radiant altar of Vehumet.
  6194 | D:6      | Found a burning altar of Makhleb.
  6245 | D:7      | Found Zoadde's Food Shop.
  6254 | D:7      | Reached XP level 9. HP: 54/54 MP: 9/9
  6311 | D:7      | Noticed Menkaure
  6510 | D:7      | Got a twisted quarterstaff
  6511 | D:7      | Identified the +11 quarterstaff of Doom {crush, rElec rF+++ Int-2} (You found it on level 7 of the Dungeon)
  6574 | D:7      | Found a staircase to the Ecumenical Temple.
  6596 | Temple   | Entered the Ecumenical Temple
  6822 | D:8      | Found Inoich's General Store.
  6836 | D:8      | Bought a potion of invisibility for 112 gold pieces
  6881 | D:8      | Noticed Erica
  6884 | D:8      | Noticed Joseph
  7123 | D:9      | Found a sparkling altar of Nemelex Xobeh.
  7124 | D:9      | Found a blossoming altar of Fedhas.
  7131 | D:9      | Became a worshipper of Nemelex Xobeh the Trickster
  7524 | D:9      | Reached skill level 5 in Dodging
  7672 | D:9      | Received a gift from Nemelex Xobeh
  7731 | D:9      | Reached skill level 1 in Staves
  7731 | D:9      | Reached skill level 1 in Evocations
  8442 | D:9      | Reached XP level 10. HP: 63/63 MP: 13/13
  8479 | D:9      | Noticed a three-headed hydra
  8497 | D:9      | Reached skill level 5 in Evocations
  8869 | D:8      | Reached skill level 5 in Staves
  9118 | D:10     | Entered Level 10 of the Dungeon
  9176 | D:10     | Noticed Josephine
  9366 | D:10     | Reached * piety under Nemelex Xobeh
  9463 | D:10     | Learned a level 2 spell: Blink
  9466 | D:10     | Learned a level 2 spell: Repel Missiles
  9780 | D:10     | Received a gift from Nemelex Xobeh
 10000 | D:10     | Found a staircase to the Orcish Mines.
 10225 | D:11     | Noticed a cyclops
 10232 | D:11     | Found a staircase to the Lair.
 10240 | D:11     | Killed a cyclops
 10251 | D:11     | Reached XP level 11. HP: 43/67 MP: 11/17
 10642 | D:11     | Noticed a hill giant
 10655 | D:11     | Killed a hill giant
 10679 | D:11     | Killed an unseen horror
 10852 | D:11     | Identified the Grimoire of Aerial Transformation
 10892 | D:11     | Noticed a hill giant
 10893 | D:11     | Noticed a hill giant
 10904 | D:11     | Killed a hill giant
 10911 | D:11     | Killed a hill giant
 11039 | D:11     | Noticed Grum
 11072 | D:11     | Noticed an orc knight
 11227 | D:11     | Noticed Oozefury's ghost (journeyman MiMo)
 11256 | D:11     | Noticed a hill giant
 11273 | D:11     | Killed a hill giant
 11376 | Lair:1   | Entered Level 1 of the Lair of Beasts
 11396 | Lair:1   | Learned a level 2 spell: Repel Missiles
 11492 | Lair:1   | Reached ** piety under Nemelex Xobeh
 11622 | Lair:1   | Received a gift from Nemelex Xobeh
 11661 | Lair:1   | Gained mutation: You are agile. (Dex +2) [potion of beneficial mutation]
 11662 | Lair:1   | Gained mutation: You possess an exceptional clarity of mind. [potion of beneficial mutation]
 11746 | Lair:1   | Reached skill level 10 in Evocations
 12485 | Lair:1   | Reached skill level 5 in Fighting
 12789 | Lair:2   | Identified a scroll of acquirement
 12790 | Lair:2   | Got a steaming war axe
 12791 | Lair:2   | Identified the cursed +0 war axe of Wyrd {venom, rPois Str+3} (You found it on level 2 of the Lair of Beasts)
 12995 | Lair:2   | Found a staircase to the Shoals.
 13005 | Lair:2   | Reached XP level 12. HP: 77/77 MP: 19/19
 13640 | Lair:3   | Noticed a death yak
 13663 | Lair:3   | Received a gift from Nemelex Xobeh
 13782 | Lair:3   | Found a frozen archway.
 13891 | IceCv    | Entered an ice cave
 13963 | IceCv    | Reached *** piety under Nemelex Xobeh
 13990 | IceCv    | Reached skill level 10 in Staves
 14526 | IceCv    | Found an ancient bone altar of Kikubaaqudgha.
 14729 | Lair:3   | Received a gift from Nemelex Xobeh
 14736 | Lair:3   | Found a hole to the Spider Nest.
 14873 | Lair:3   | Noticed a death yak
 14874 | Lair:3   | Noticed a death yak
 14883 | Lair:3   | Noticed a death yak
 15182 | Lair:4   | Received a gift from Nemelex Xobeh
 15474 | Lair:4   | Noticed a four-headed hydra
 15486 | Lair:4   | Killed a four-headed hydra
 15486 | Lair:4   | Reached XP level 13. HP: 86/86 MP: 21/21
 15678 | Lair:4   | Reached **** piety under Nemelex Xobeh
 16056 | Lair:5   | Received a gift from Nemelex Xobeh
 16955 | Lair:3   | Received a gift from Nemelex Xobeh
 17644 | D:11     | Killed Grum
 17679 | D:11     | Noticed Urug
 17692 | D:11     | Killed Urug
 17863 | D:12     | Gained mutation: Your skin blends seamlessly with your surroundings (Stealth++). [potion of beneficial mutation]
 18485 | D:12     | Received a gift from Nemelex Xobeh
 18602 | D:12     | Noticed a fire dragon
 18602 | D:12     | a tyrant leech changed into a fire dragon
 18612 | D:12     | Killed a fire dragon
 19816 | D:13     | Reached XP level 14. HP: 89/97 MP: 23/23
 19964 | D:13     | Reached skill level 10 in Dodging
 20146 | D:13     | Found a gate to the Vaults.
 20553 | D:13     | Reached ***** piety under Nemelex Xobeh
 21041 | D:13     | Received a gift from Nemelex Xobeh
 21946 | Orc:1    | Entered Level 1 of the Orcish Mines
 21948 | Orc:1    | Noticed Nergalle
 21969 | Orc:1    | Noticed Nergalle
 21969 | Orc:1    | Nergalle changed into Nergalle the torpor snail
 21975 | Orc:1    | Killed Nergalle the torpor snail
 22195 | Orc:1    | Received a gift from Nemelex Xobeh
 22367 | Orc:2    | Entered Level 2 of the Orcish Mines
 22367 | Orc:2    | Noticed a stone giant
 22949 | Orc:2    | Killed a stone giant
 22990 | Orc:2    | Found a staircase to the Elven Halls.
 23163 | Orc:2    | Noticed Snorg
 23164 | Orc:2    | Snorg changed into something unseen
 23179 | Orc:2    | Killed Snorg the unseen horror
 23295 | Orc:2    | Received a gift from Nemelex Xobeh
 23356 | Orc:1    | Noticed Fannar
 23375 | Orc:1    | Killed Fannar
 23375 | Orc:1    | Reached skill level 10 in Fighting
 24381 | Orc:2    | Found Kuhoitin's Magic Scroll Shop.
 24382 | Orc:2    | Found Ripsiore's Food Boutique.
 24719 | Orc:2    | Bought a scroll of identify for 32 gold pieces
 24719 | Orc:2    | Bought a scroll of identify for 32 gold pieces
 25971 | Orc:2    | Reached XP level 15. HP: 105/105 MP: 25/25
 26830 | Orc:2    | Found Sunedgh's Antique Armour Shoppe.
 26830 | Orc:2    | Found Onuluff's Book Emporium.
 26831 | Orc:2    | Found a one-way gate leading to the halls of Pandemonium.
 26846 | Orc:2    | Bought a book of Transfigurations for 715 gold pieces
 26853 | Orc:2    | Learned a level 6 spell: Statue Form
 26920 | Orc:2    | Bought a glowing shield for 273 gold pieces
 26969 | Orc:2    | Bought a scroll of fear for 56 gold pieces
 26969 | Orc:2    | Bought a scroll of blinking for 120 gold pieces
 26969 | Orc:2    | Bought a scroll of teleportation for 48 gold pieces
 26969 | Orc:2    | Bought a scroll of summoning for 152 gold pieces
 26969 | Orc:2    | Bought 3 scrolls of fear for 168 gold pieces
 27086 | D:7      | Killed Menkaure
 27137 | D:8      | Bought a scroll of teleportation for 42 gold pieces
 27137 | D:8      | Bought a potion of resistance for 140 gold pieces
 27254 | D:8      | Killed Erica
 27254 | D:8      | Reached skill level 1 in Transmutations
 27254 | D:8      | Reached skill level 1 in Earth Magic
 27306 | D:8      | Killed Joseph
 27548 | D:10     | Killed Josephine
 27581 | D:10     | Received a gift from Nemelex Xobeh
 27884 | D:11     | Killed Oozefury's ghost
 27884 | D:11     | Reached skill level 1 in Spellcasting
 29833 | D:14     | Found a shattered altar of Ashenzari.
 30194 | D:14     | Found a portal to a secret trove of treasure.
 30517 | D:14     | Received a gift from Nemelex Xobeh
 30672 | D:14     | Reached skill level 5 in Earth Magic
 30784 | D:14     | Reached skill level 5 in Transmutations
 31158 | D:14     | Noticed a storm dragon
 31173 | D:14     | Killed a storm dragon
 31643 | D:14     | Reached XP level 16. HP: 86/111 MP: 17/26
 32898 | D:15     | Entered Level 15 of the Dungeon
 32989 | D:15     | Found an iron altar of Okawaru.
 33271 | D:15     | Found a staircase to the Depths.
 35002 | D:15     | Reached skill level 5 in Spellcasting
 35620 | Lair:6   | Entered Level 6 of the Lair of Beasts
 35652 | Lair:6   | Received a gift from Nemelex Xobeh
 35686 | Lair:6   | Reached XP level 17. HP: 117/117 MP: 22/27
 35687 | Lair:6   | Reached skill level 10 in Transmutations
 35687 | Lair:6   | Reached skill level 10 in Earth Magic
 35687 | Lair:6   | Reached XP level 18. HP: 122/122 MP: 22/28
 35734 | Lair:6   | Reached skill level 1 in Unarmed Combat
 35804 | Lair:6   | Reached skill level 2 in Unarmed Combat
 35880 | Lair:6   | Found a staircase to the Slime Pits.
 35901 | Lair:6   | Reached skill level 3 in Unarmed Combat
 35999 | Lair:6   | Received a gift from Nemelex Xobeh
 36336 | Lair:6   | Reached skill level 4 in Unarmed Combat
 36446 | Lair:6   | Reached skill level 5 in Unarmed Combat
 36983 | Lair:6   | Reached XP level 19. HP: 127/127 MP: 29/29
 37059 | Spider:1 | Entered Level 1 of the Spider Nest
 37092 | Spider:1 | Reached skill level 6 in Unarmed Combat
 37178 | Spider:1 | Received a gift from Nemelex Xobeh
 37279 | Spider:1 | Reached skill level 7 in Unarmed Combat
 37358 | Spider:1 | Reached ****** piety under Nemelex Xobeh
 37864 | Spider:1 | Noticed Roxanne
 37885 | Spider:1 | Killed Roxanne
 37885 | Spider:1 | Reached skill level 8 in Unarmed Combat
 38068 | Spider:2 | Received a gift from Nemelex Xobeh
 38156 | Spider:2 | Reached skill level 9 in Unarmed Combat
 38166 | Spider:2 | Received a gift from Nemelex Xobeh
 38277 | Spider:2 | Noticed Donald
 38294 | Spider:2 | Killed Donald
 38555 | Spider:3 | Received a gift from Nemelex Xobeh
 38563 | Spider:3 | Reached skill level 10 in Unarmed Combat
 39080 | Spider:3 | Reached skill level 11 in Unarmed Combat
 39385 | Spider:3 | Received a gift from Nemelex Xobeh
 39680 | Spider:3 | Reached skill level 12 in Unarmed Combat
 39689 | Spider:4 | Entered Level 4 of the Spider Nest
 39980 | Spider:4 | Received a gift from Nemelex Xobeh
 40317 | Spider:4 | Reached skill level 13 in Unarmed Combat
 40479 | Spider:4 | Reached XP level 20. HP: 99/134 MP: 1/30
 40494 | Spider:4 | Reached skill level 14 in Unarmed Combat
 41050 | Spider:4 | Noticed Asterion
 41140 | Spider:4 | Killed Asterion
 41545 | Spider:4 | Got a gossamer rune of Zot
 41591 | Spider:4 | Received a gift from Nemelex Xobeh
 41910 | Shoals:1 | Entered Level 1 of the Shoals
 42024 | Shoals:1 | Got a shimmering turquoise ring
 42026 | Shoals:1 | Identified the ring of the Doge {rC+ EV+1 Int+3 Dex-3} (You found it on level 1 of the Shoals)
 42066 | Shoals:1 | Reached skill level 15 in Unarmed Combat
 42690 | Shoals:1 | Received a gift from Nemelex Xobeh
 42819 | Shoals:2 | Noticed Frances
 42882 | Shoals:2 | Received a gift from Nemelex Xobeh
 42886 | Shoals:2 | Found Veuk's General Store.
 42892 | Shoals:2 | Bought 2 potions of might for 120 gold pieces
 42892 | Shoals:2 | Bought a bread ration for 75 gold pieces
 42910 | Shoals:2 | Noticed Polyphemus
 43169 | Shoals:2 | Killed Polyphemus
 43214 | Shoals:2 | Reached skill level 16 in Unarmed Combat
 43262 | Shoals:2 | Received a gift from Nemelex Xobeh
 43511 | Shoals:2 | Killed Frances
 43629 | Shoals:2 | Received a gift from Nemelex Xobeh
 43770 | Shoals:3 | Noticed Nikola
 43786 | Shoals:3 | Killed Nikola
 43786 | Shoals:3 | Reached skill level 1 in Shields
 44246 | Shoals:3 | Noticed Mara
 44254 | Shoals:3 | Killed Mara
 44503 | Shoals:4 | Entered Level 4 of the Shoals
 44583 | Shoals:4 | Noticed Ilsuiw
 44604 | Shoals:4 | Killed Ilsuiw
 44604 | Shoals:4 | Reached XP level 21. HP: 140/140 MP: 26/31
 44687 | Shoals:4 | Reached skill level 17 in Unarmed Combat
 44743 | Shoals:4 | Received a gift from Nemelex Xobeh
 44947 | Shoals:4 | Learned a level 5 spell: Silence
 45266 | Shoals:4 | Reached skill level 5 in Shields
 45481 | Shoals:4 | Got a barnacled rune of Zot
 45852 | Vaults:1 | Entered Level 1 of the Vaults
 46207 | Vaults:1 | Received a gift from Nemelex Xobeh
 46544 | Vaults:1 | Received a gift from Nemelex Xobeh
 46677 | Vaults:2 | Reached skill level 18 in Unarmed Combat
 47332 | Vaults:1 | Received a gift from Nemelex Xobeh
 47348 | Vaults:1 | Reached XP level 22. HP: 150/150 MP: 32/32
 47453 | Vaults:2 | Found Oniotom's Armour Shoppe.
 47680 | Vaults:2 | Found a staircase to the Crypt.
 47680 | Vaults:2 | Found a basalt altar of Yredelemnul.
 47681 | Vaults:2 | Found an ancient bone altar of Kikubaaqudgha.
 47838 | Vaults:2 | Received a gift from Nemelex Xobeh
 47874 | Vaults:2 | Got a crude hat
 47880 | Vaults:2 | Identified the cursed +0 hat of the Stallion {rN++ Str+2} (You found it on level 2 of the Vaults)
 47892 | Vaults:2 | Found a radiant altar of Vehumet.
 47905 | Vaults:2 | Got a twisted hat
 47911 | Vaults:2 | Identified the +0 hat "Aba Igimu" {-Tele rPois Str+3 Dex+4} (You found it on level 2 of the Vaults)
 47973 | Vaults:2 | RN HAT VAULTS
 48309 | Vaults:3 | Noticed Xtahua
 48325 | Vaults:3 | Killed Xtahua
 48491 | Vaults:3 | Received a gift from Nemelex Xobeh
 48709 | Vaults:3 | Noticed Mennas
 48718 | Vaults:3 | Killed Mennas
 48759 | Vaults:3 | Noticed Bai Suzhen
 48772 | Vaults:3 | Killed Bai Suzhen
 48894 | Vaults:3 | Reached skill level 19 in Unarmed Combat
 48945 | Vaults:3 | Found Keteppu's Gadget Shop.
 48986 | Vaults:3 | Noticed Frederick
 48993 | Vaults:3 | Killed Frederick
 49059 | Vaults:4 | Received a gift from Nemelex Xobeh
 49136 | Vaults:4 | Reached skill level 1 in Invocations
 49843 | Vaults:4 | Reached XP level 23. HP: 153/157 MP: 22/33
 50443 | Vaults:4 | Received a gift from Nemelex Xobeh
 50567 | Vaults:4 | Reached skill level 5 in Invocations
 50570 | Vaults:4 | Reached skill level 20 in Unarmed Combat
 51272 | Depths:1 | Entered Level 1 of the Depths
 51314 | Depths:1 | Learned a level 1 spell: Apportation
 51316 | Depths:1 | Learned a level 1 spell: Confusing Touch
 51476 | Depths:1 | Noticed an ancient lich
 51830 | Depths:1 | Found a gateway to Hell.
 52457 | Depths:1 | Killed an ancient lich
 52457 | Depths:1 | Reached XP level 24. HP: 143/167 MP: 29/33
 52650 | Depths:1 | Reached skill level 15 in Dodging
 52745 | Depths:1 | Identified the Reference Book on Sinister Arts
 52750 | Depths:1 | Learned a level 3 spell: Regeneration
 53252 | Depths:2 | Found a radiant altar of Vehumet.
 53255 | Depths:2 | Found a gateway to a ziggurat.
 53279 | Depths:2 | Reached skill level 21 in Unarmed Combat
 53457 | Depths:2 | Received a gift from Nemelex Xobeh
 53501 | Depths:2 | Got a dazzling shield
 53512 | Depths:2 | Identified the +3 shield of a sewer {*Contam rPois rC+++ Int+3} (You took it off a tengu conjurer on level 2 of the Depths)
 53796 | Depths:2 | Found a sparkling altar of Nemelex Xobeh.
 54247 | Depths:2 | Received a gift from Nemelex Xobeh
 54468 | Depths:2 | Found a hide-covered altar of Uskayaw.
 54600 | Depths:2 | Found a shimmering altar of Xom.
 55066 | Depths:3 | Received a gift from Nemelex Xobeh
 55073 | Depths:3 | Reached skill level 15 in Fighting
 55085 | Depths:3 | Reached skill level 10 in Shields
 55085 | Depths:3 | Reached XP level 25. HP: 174/174 MP: 34/34
 55221 | Depths:3 | Noticed the Enchantress
 55233 | Depths:3 | Killed the Enchantress
 56325 | Depths:4 | Received a gift from Nemelex Xobeh
 56413 | Depths:4 | Found a corrupted altar of Lugonu.
 56413 | Depths:4 | Found a one-way gate to the infinite horrors of the Abyss.
 56464 | Depths:4 | Found a magical portal.
 56480 | WizLab   | Entered The Hall of the Hellbinder
 56620 | WizLab   | Reached skill level 22 in Unarmed Combat
 56736 | WizLab   | Received a gift from Nemelex Xobeh
 56981 | WizLab   | Found a burning altar of Makhleb.
 57004 | WizLab   | Identified the Grimoire of Calling
 57011 | WizLab   | Learned a level 4 spell: Force Lance
 57018 | WizLab   | Learned a level 6 spell: Dispersal
 57027 | WizLab   | Learned a level 8 spell: Controlled Blink
 57054 | WizLab   | Identified the Compendium of the Escort
 57950 | Slime:1  | Entered Level 1 of the Pits of Slime
 57976 | Slime:2  | Reached skill level 1 in Translocations
 58297 | Slime:5  | Entered Level 5 of the Pits of Slime
 58297 | Slime:5  | Received a gift from Nemelex Xobeh
 58334 | Slime:5  | Noticed the Royal Jelly
 58511 | Slime:5  | Found a viscous altar of Jiyva.
 58551 | Slime:5  | Reached XP level 26. HP: 183/183 MP: 35/35
 58764 | Slime:5  | Killed the Royal Jelly
 58764 | Slime:5  | Reached skill level 5 in Translocations
 58808 | Slime:5  | Gained mutation: You regenerate slowly when monsters are visible. [a shining eye]
 58936 | Slime:5  | Got a slimy rune of Zot
 58942 | Slime:5  | Got a smoking bronze amulet
 58943 | Slime:5  | Identified the amulet of Tusaehar {RegenMP rF++ Str-3} (You found it on level 5 of the Pits of Slime)
 59670 | Depths:4 | Received a gift from Nemelex Xobeh
 60001 | Depths:5 | Entered Level 5 of the Depths
 60229 | Depths:5 | Reached skill level 23 in Unarmed Combat
 60496 | Depths:5 | Reached skill level 24 in Unarmed Combat
 60961 | Depths:5 | Found a gate to the Realm of Zot.
 61400 | Vaults:5 | Entered Level 5 of the Vaults
 61434 | Vaults:5 | Received a gift from Nemelex Xobeh
 61461 | Vaults:5 | Reached skill level 1 in Hexes
 61476 | Vaults:5 | Reached skill level 1 in Air Magic
 61826 | Vaults:5 | Found Boridwig's General Store.
 61831 | Vaults:5 | Reached XP level 27. HP: 189/189 MP: 36/36
 61890 | Vaults:5 | Bought a bread ration for 85 gold pieces
 61890 | Vaults:5 | Bought 2 potions of cure mutation for 850 gold pieces
 61890 | Vaults:5 | Bought a scroll of holy word for 127 gold pieces
 61935 | Vaults:5 | Reached skill level 5 in Air Magic
 61977 | Vaults:5 | Reached skill level 5 in Hexes
 62159 | Vaults:5 | Identified the +11 bardiche "Fecs" {protect, +Rage rPois} (You took it off a deep elf mage on level 5 of the Vaults)
 62199 | Vaults:5 | Noticed an ancient lich
 62202 | Vaults:5 | Killed an ancient lich
 62202 | Vaults:5 | Reached skill level 10 in Spellcasting
 62326 | Vaults:5 | Received a gift from Nemelex Xobeh
 62335 | Vaults:5 | Got a silver rune of Zot
 62340 | Vaults:5 | Identified the Catalogue of Enthralling Orientation
 62370 | Vaults:5 | Got a translucent platinum ring
 62372 | Vaults:5 | Identified the ring of Titiboegh {Ice MR+ Dex+2 Slay+5} (You found it on level 5 of the Vaults)
 62733 | Vaults:5 | Identified the Handbook of Blistering Shape Shifting
 62749 | Vaults:5 | Identified the Papyrus of the Jabberwock
 62769 | Vaults:5 | Received a gift from Nemelex Xobeh
 62785 | Vaults:5 | Gained mutation: Your mind is acute. (Int +2) [potion of beneficial mutation]
 63306 | Orc:2    | Bought a book of Enchantments for 650 gold pieces
 63306 | Orc:2    | Bought the Papyrus of Supportive Ignition for 962 gold pieces
 63312 | Orc:2    | Learned a level 5 spell: Aura of Abjuration
 63319 | Orc:2    | Learned a level 6 spell: Deflect Missiles
 63671 | Depths:4 | Voluntarily entered the Abyss.
 63841 | Abyss:1  | Reached skill level 1 in Charms
 63963 | Abyss:1  | Received a gift from Nemelex Xobeh
 64053 | Abyss:1  | Received a gift from Nemelex Xobeh
 64267 | Abyss:1  | Received a gift from Nemelex Xobeh
 64282 | Abyss:1  | Found a corrupted altar of Lugonu.
 64377 | Abyss:2  | Found a corrupted altar of Lugonu.
 64526 | Abyss:4  | Received a gift from Nemelex Xobeh
 64561 | Abyss:4  | Reached skill level 5 in Charms
 64578 | Abyss:4  | Found a sacrificial altar of Ru.
 64828 | Abyss:4  | Reached skill level 1 in Summonings
 64963 | Abyss:4  | Got an abyssal rune of Zot
 65091 | Abyss:4  | Received a gift from Nemelex Xobeh
 65120 | Abyss:4  | Found a corrupted altar of Lugonu.
 65148 | Abyss:4  | Found an iron altar of Okawaru.
 65156 | Depths:4 | Escaped the Abyss
 65525 | Crypt:1  | Entered Level 1 of the Crypt
 65595 | Crypt:1  | Reached skill level 5 in Summonings
 65769 | Crypt:3  | Entered Level 3 of the Crypt
 65769 | Crypt:3  | Received a gift from Nemelex Xobeh
 65863 | Crypt:3  | Found a staircase to the Tomb.
 65890 | Tomb:1   | Entered Level 1 of the Tomb of the Ancients
 66022 | Tomb:1   | Received a gift from Nemelex Xobeh
 66033 | Tomb:1   | Noticed a greater mummy
 66036 | Tomb:1   | Noticed a greater mummy
 66390 | Tomb:1   | Killed a greater mummy
 66399 | Tomb:1   | Killed a greater mummy
 66410 | Tomb:1   | Noticed a greater mummy
 66431 | Tomb:1   | Reached skill level 15 in Shields
 66463 | Tomb:1   | Killed a greater mummy
 66744 | Tomb:2   | Noticed a greater mummy
 66745 | Tomb:2   | Noticed a greater mummy
 66745 | Tomb:2   | Noticed a greater mummy
 66748 | Tomb:2   | Reached skill level 10 in Translocations
 66751 | Tomb:2   | Noticed Sojobo
 66752 | Tomb:2   | Noticed Boris
 66978 | Tomb:2   | Noticed a greater mummy
 66984 | Tomb:1   | Killed a greater mummy
 67052 | Tomb:1   | Killed Sojobo
 67057 | Tomb:1   | Killed Boris
 67212 | Tomb:1   | Killed a greater mummy
 67363 | Tomb:2   | Killed a greater mummy
 67373 | Tomb:2   | Killed a greater mummy
 67564 | Tomb:2   | Received a gift from Nemelex Xobeh
 67766 | Tomb:1   | Noticed a greater mummy
 67766 | Tomb:1   | Noticed a greater mummy
 67769 | Tomb:1   | Noticed a greater mummy
 67770 | Tomb:1   | Noticed a greater mummy
 67771 | Tomb:1   | Noticed a greater mummy
 67781 | Tomb:1   | Killed a greater mummy
 67786 | Tomb:1   | Killed a greater mummy
 67791 | Tomb:1   | Noticed a greater mummy
 67793 | Tomb:1   | Killed a greater mummy
 67798 | Tomb:1   | Killed a greater mummy
 67802 | Tomb:1   | Killed a greater mummy
 67807 | Tomb:1   | Killed a greater mummy
 67814 | Tomb:1   | Noticed a greater mummy
 68068 | Tomb:1   | Killed a greater mummy
 68092 | Tomb:1   | Noticed a greater mummy
 68098 | Tomb:1   | Killed a greater mummy
 68100 | Tomb:1   | Noticed a greater mummy
 68102 | Tomb:1   | Noticed a greater mummy
 68105 | Tomb:1   | Noticed a greater mummy
 68106 | Tomb:1   | Killed a greater mummy
 68109 | Tomb:1   | Noticed a greater mummy
 68112 | Tomb:1   | Killed a greater mummy
 68117 | Tomb:1   | Killed a greater mummy
 68122 | Tomb:1   | Killed a greater mummy
 68277 | Tomb:1   | Noticed a greater mummy
 68282 | Tomb:1   | Noticed a greater mummy
 68285 | Tomb:1   | Killed a greater mummy
 68289 | Tomb:1   | Noticed a greater mummy
 68290 | Tomb:1   | Killed a greater mummy
 68304 | Tomb:1   | Killed a greater mummy
 68312 | Tomb:1   | Noticed a greater mummy
 68319 | Tomb:1   | Killed a greater mummy
 68387 | Tomb:1   | Noticed a greater mummy
 68390 | Tomb:1   | Noticed a greater mummy
 68395 | Tomb:1   | Killed a greater mummy
 68401 | Tomb:1   | Killed a greater mummy
 68509 | Tomb:1   | Noticed a greater mummy
 68516 | Tomb:1   | Killed a greater mummy
 68778 | Tomb:3   | Entered Level 3 of the Tomb of the Ancients
 68827 | Tomb:2   | Noticed Jory
 68830 | Tomb:2   | Killed Jory
 68995 | Tomb:3   | Noticed a greater mummy
 69101 | Tomb:3   | Noticed a greater mummy
 69106 | Tomb:3   | Noticed a greater mummy
 69112 | Tomb:2   | Killed a greater mummy
 69262 | Tomb:3   | Noticed a greater mummy
 69434 | Tomb:2   | Killed a greater mummy
 69438 | Tomb:2   | Killed a greater mummy
 69442 | Tomb:2   | Killed a greater mummy
 69442 | Tomb:2   | Reached skill level 15 in Translocations
 69451 | Tomb:2   | Lost mutation: You possess an exceptional clarity of mind. [mutagenic glow]
 69880 | Tomb:3   | Got a bound ruby amulet
 69882 | Tomb:3   | Identified the amulet "Gaehufamm" {Reflect Str+4 SH+5} (You found it on level 3 of the Tomb of the Ancients)
 69926 | Tomb:3   | Identified Sif Muna's Guide on Protection and Attacks
 69976 | Tomb:3   | Noticed a greater mummy
 69982 | Tomb:3   | Killed a greater mummy
 70207 | Tomb:3   | Noticed a greater mummy
 70218 | Tomb:3   | Killed a greater mummy
 70251 | Tomb:3   | Got a golden rune of Zot
 70269 | Tomb:3   | Noticed a greater mummy
 70277 | Tomb:3   | Killed a greater mummy
 70639 | Crypt:3  | Reached skill level 15 in Spellcasting
 71019 | Pan      | Entered Pandemonium
 71019 | Pan      | Noticed Cemiw the pandemonium lord
 71030 | Pan      | Killed Cemiw the pandemonium lord
 71290 | Pan      | Received a gift from Nemelex Xobeh
 71311 | Pan      | Found an exit through the horrors of the Abyss.
 71499 | Pan      | Received a gift from Nemelex Xobeh
 71690 | Pan      | Noticed Luxkieha the pandemonium lord
 71706 | Pan      | Killed Luxkieha the pandemonium lord
 71915 | Pan      | Received a gift from Nemelex Xobeh
 72214 | Pan      | Found an exit through the horrors of the Abyss.
 72360 | Pan      | Noticed Georgh the pandemonium lord
 72362 | Pan      | Found an exit through the horrors of the Abyss.
 72370 | Pan      | Received a gift from Nemelex Xobeh
 72556 | Pan      | Killed Georgh the pandemonium lord
 72600 | Pan      | Noticed Aniu the pandemonium lord
 72704 | Pan      | Killed Aniu the pandemonium lord
 72732 | Pan      | Got a demonic rune of Zot
 72736 | Pan      | Received a gift from Nemelex Xobeh
 72775 | Pan      | Gained mutation: You are frail. (-10% HP) [a cacodemon]
 72798 | Pan      | Lost mutation: You are agile. (Dex +2) [potion of cure mutation]
 72798 | Pan      | Lost mutation: Your mind is acute. (Int +2) [potion of cure mutation]
 72798 | Pan      | Lost mutation: You regenerate slowly when monsters are visible. [potion of cure mutation]
 72798 | Pan      | Lost mutation: You are frail. (-10% HP) [potion of cure mutation]
 72948 | Pan      | Found an exit through the horrors of the Abyss.
 73184 | Pan      | Noticed Natotem the pandemonium lord
 73190 | Pan      | Killed Natotem the pandemonium lord
 73207 | Pan      | Gained mutation: You are clumsy. (Dex -2) [a cacodemon]
 73208 | Pan      | Gained mutation: You are very clumsy. (Dex -4) [a cacodemon]
 73209 | Pan      | Gained mutation: Scrolls take you a little longer to read. [a cacodemon]
 73285 | Pan      | Lost mutation: Scrolls take you a little longer to read. [potion of cure mutation]
 73285 | Pan      | Lost mutation: You are very clumsy. (Dex -4) [potion of cure mutation]
 73285 | Pan      | Lost mutation: You are clumsy. (Dex -2) [potion of cure mutation]
 73285 | Pan      | Lost mutation: Your skin blends seamlessly with your surroundings (Stealth++). [potion of cure mutation]
 73503 | Pan      | Received a gift from Nemelex Xobeh
 73960 | Pan      | Found an exit through the horrors of the Abyss.
 73975 | Pan      | Received a gift from Nemelex Xobeh
 74342 | Pan      | Got a spiked large shield
 74353 | Pan      | Identified the +0 large shield of Mijir {rElec rPois rC- Int+5} (You took it off a daeva in Pandemonium)
 74360 | Pan      | Found a glowing silver altar of Zin.
 74481 | Pan      | Received a gift from Nemelex Xobeh
 74755 | Pan      | Entered the realm of Cerebov.
 75059 | Pan      | Identified the Handbook of Ensnaring Evil
 75125 | Pan      | Received a gift from Nemelex Xobeh
 75309 | Pan      | Noticed Cerebov
 75336 | Pan      | Killed Cerebov
 75348 | Pan      | Got a fiery rune of Zot
 75535 | Pan      | Noticed Maphus the pandemonium lord
 75557 | Pan      | Killed Maphus the pandemonium lord
 75818 | Pan      | Entered the realm of Mnoleg.
 75834 | Pan      | Found an exit through the horrors of the Abyss.
 75937 | Pan      | Noticed Mnoleg
 75938 | Pan      | Got a glowing rune of Zot
 75949 | Pan      | Gained mutation: Scrolls take you a little longer to read. [a neqoxec]
 75961 | Pan      | Gained mutation: You are dopey. (Int -2) [a neqoxec]
 75963 | Pan      | Gained mutation: You expend magic power (3 MP) to strengthen your wands. [a neqoxec]
 76020 | Pan      | Gained mutation: You regenerate slowly when monsters are visible. [a cacodemon]
 76023 | Pan      | Entered the realm of Lom Lobon.
 76027 | Pan      | Lost mutation: Scrolls take you a little longer to read. [potion of cure mutation]
 76027 | Pan      | Lost mutation: You expend magic power (3 MP) to strengthen your wands. [potion of cure mutation]
 76027 | Pan      | Lost mutation: You are dopey. (Int -2) [potion of cure mutation]
 76027 | Pan      | Lost mutation: You regenerate slowly when monsters are visible. [potion of cure mutation]
 76044 | Pan      | Received a gift from Nemelex Xobeh
 76408 | Pan      | Noticed Lom Lobon
 76421 | Pan      | Got a magical rune of Zot
 76608 | Pan      | Noticed Xedutt the pandemonium lord
 76622 | Pan      | Killed Xedutt the pandemonium lord
 76796 | Pan      | Found an exit through the horrors of the Abyss.
 76825 | Pan      | Noticed Mnoleg
 76959 | Pan      | Received a gift from Nemelex Xobeh
 76989 | Pan      | Noticed Kalahywk the pandemonium lord
 76996 | Pan      | Killed Kalahywk the pandemonium lord
 77004 | Pan      | Entered the realm of Gloorx Vloq.
 77336 | Pan      | Reached skill level 10 in Invocations
 77342 | Pan      | Found an exit through the horrors of the Abyss.
 77465 | Pan      | Noticed Gloorx Vloq
 77472 | Pan      | Killed Gloorx Vloq
 77524 | Pan      | Got a dark rune of Zot
 77595 | Pan      | Received a gift from Nemelex Xobeh
 77755 | Pan      | Noticed Taliuk the pandemonium lord
 77764 | Pan      | Killed Taliuk the pandemonium lord
 77764 | Pan      | Reached skill level 25 in Unarmed Combat
 77899 | Pan      | Found an exit through the horrors of the Abyss.
 77910 | Pan      | Took an exit into the Abyss.
 77910 | Abyss:1  | Escaped into the Abyss
 77911 | Abyss:1  | Found a hazy altar of Hepliaklqana.
 77912 | Abyss:1  | Found a corrupted altar of Lugonu.
 77957 | Abyss:1  | Found a hazy altar of Hepliaklqana.
 77959 | Abyss:1  | Found a corrupted altar of Lugonu.
 77996 | Abyss:1  | Found a hazy altar of Hepliaklqana.
 78008 | Depths:3 | Escaped the Abyss
 78045 | Hell     | Entered the Vestibule of Hell
 78045 | Hell     | Received a gift from Nemelex Xobeh
 78047 | Hell     | Noticed Geryon
 78080 | Hell     | Killed Geryon
 78106 | Hell     | Noticed Murray
 78113 | Hell     | Killed Murray
 78319 | Hell     | Found a gateway to the Iron City of Dis.
 78329 | Dis:1    | Entered Level 1 of the Iron City of Dis
 78332 | Dis:1    | You fall through a shaft!
 78334 | Dis:2    | You fall through a shaft!
 78336 | Dis:3    | You fall through a shaft!
 78575 | Dis:5    | Received a gift from Nemelex Xobeh
 78579 | Dis:5    | You fall through a shaft!
 78622 | Dis:7    | Entered Level 7 of the Iron City of Dis
 78635 | Dis:7    | Gained mutation: You are weak. (Str -2) [a cacodemon]
 78961 | Dis:7    | Gained mutation: You tend to lose your temper in combat. [a cacodemon]
 78997 | Dis:7    | Lost mutation: You are weak. (Str -2) [potion of cure mutation]
 78997 | Dis:7    | Lost mutation: You tend to lose your temper in combat. [potion of cure mutation]
 79126 | Dis:7    | Noticed Dispater
 79139 | Dis:7    | Killed Dispater
 79153 | Dis:7    | Got an iron rune of Zot
 79155 | Dis:7    | Got a twitching silver amulet
 79157 | Dis:7    | Identified the amulet "Muthrithro" {+Blink +Rage rElec Int+7 Dex-3} (You found it on level 7 of the Iron City of Dis)
 79311 | Dis:7    | Received a gift from Nemelex Xobeh
 79370 | Hell     | Found a gateway to the freezing wastes of Cocytus.
 79390 | Coc:1    | Entered Level 1 of Cocytus
 79664 | Coc:3    | Received a gift from Nemelex Xobeh
 79738 | Coc:4    | Received a gift from Nemelex Xobeh
 79999 | Coc:6    | Received a gift from Nemelex Xobeh
 80063 | Coc:6    | Reached skill level 26 in Unarmed Combat
 80085 | Coc:7    | Entered Level 7 of Cocytus
 80398 | Coc:7    | Noticed Antaeus
 80431 | Coc:7    | Killed Antaeus
 80445 | Coc:7    | Got an icy rune of Zot
 80481 | Coc:7    | Reached skill level 15 in Invocations
 80628 | Hell     | Found a gateway to the decaying netherworld of Tartarus.
 80635 | Tar:1    | Entered Level 1 of Tartarus
 80701 | Tar:3    | Received a gift from Nemelex Xobeh
 80707 | Tar:3    | You fall through a shaft!
 81128 | Tar:4    | Received a gift from Nemelex Xobeh
 81395 | Tar:7    | Entered Level 7 of Tartarus
 81536 | Tar:7    | Received a gift from Nemelex Xobeh
 81566 | Tar:7    | Noticed an ancient lich
 81574 | Tar:7    | Killed an ancient lich
 81658 | Tar:7    | Noticed Ereshkigal
 81704 | Tar:7    | Got a bone rune of Zot
 81753 | Hell     | Found a gateway to the ashen valley of Gehenna.
 81782 | Geh:1    | Entered Level 1 of Gehenna
 81882 | Geh:1    | Received a gift from Nemelex Xobeh
 81993 | Geh:3    | Received a gift from Nemelex Xobeh
 82299 | Geh:7    | Entered Level 7 of Gehenna
 82306 | Geh:7    | Reached skill level 27 in Unarmed Combat
 82347 | Geh:7    | Received a gift from Nemelex Xobeh
 82429 | Geh:7    | Noticed the Serpent of Hell
 82441 | Geh:7    | Killed the Serpent of Hell
 82631 | Geh:7    | Noticed Asmodeus
 82637 | Geh:7    | Got an obsidian rune of Zot
 82891 | Zot:1    | Entered Level 1 of the Realm of Zot
 83093 | Zot:1    | Received a gift from Nemelex Xobeh
 83201 | Zot:1    | You fall through a shaft!
 83593 | Zot:4    | Received a gift from Nemelex Xobeh
 83794 | Zot:5    | Entered Level 5 of the Realm of Zot
 83794 | Zot:5    | Received a gift from Nemelex Xobeh
 84005 | Zot:5    | Noticed an ancient lich
 84014 | Zot:5    | Killed an ancient lich
 84087 | Zot:5    | Noticed an ancient lich
 84093 | Zot:5    | Killed an ancient lich
 84168 | Zot:5    | Noticed an ancient lich
 84177 | Zot:5    | Killed an ancient lich
 84232 | Zot:5    | Noticed an ancient lich
 84234 | Zot:5    | Noticed an orb of fire
 84238 | Zot:5    | Noticed an orb of fire
 84239 | Zot:5    | Gained mutation: Your body sometimes deteriorates upon taking damage. [an orb of fire]
 84243 | Zot:5    | Gained mutation: Your magical capacity is low. (-10% MP) [an orb of fire]
 84249 | Zot:5    | Noticed an orb of fire
 84250 | Zot:5    | Killed an orb of fire
 84256 | Zot:5    | Gained mutation: Your magical capacity is very low. (-20% MP) [an orb of fire]
 84257 | Zot:5    | Gained mutation: Scrolls take you a little longer to read. [an orb of fire]
 84258 | Zot:5    | Noticed an ancient lich
 84258 | Zot:5    | Killed an orb of fire
 84260 | Zot:5    | Killed an orb of fire
 84265 | Zot:5    | Killed an ancient lich
 84269 | Zot:5    | Killed an ancient lich
 84277 | Zot:5    | Noticed an ancient lich
 84293 | Zot:5    | Killed an ancient lich
 84298 | Zot:5    | Noticed an ancient lich
 84300 | Zot:5    | Killed an ancient lich
 84403 | Zot:5    | Noticed an ancient lich
 84474 | Zot:5    | Noticed an orb of fire
 84474 | Zot:5    | Gained mutation: Your magical capacity is extremely low. (-30% MP) [an orb of fire]
 84476 | Zot:5    | Gained mutation: You are weak. (Str -2) [an orb of fire]
 84486 | Zot:5    | Killed an orb of fire
 84542 | Zot:5    | Lost mutation: You are weak. (Str -2) [potion of cure mutation]
 84542 | Zot:5    | Lost mutation: Your body sometimes deteriorates upon taking damage. [potion of cure mutation]
 84542 | Zot:5    | Lost mutation: Scrolls take you a little longer to read. [potion of cure mutation]
 84542 | Zot:5    | Lost mutation: Your magical capacity is extremely low. (-30% MP) [potion of cure mutation]
 84566 | Zot:5    | Got the Orb of Zot
 84598 | Zot:5    | Killed an ancient lich
 84621 | Zot:5    | Noticed an ancient lich
 84625 | Zot:5    | Killed an ancient lich
 85173 | D:$      | Escaped with the Orb!

Skill      XL: |  1  2  3  4  5  6  7  8  9 10 11 12 13 14 15 16 17 18 19 20 21 22 23 24 25 26 27 |
---------------+----------------------------------------------------------------------------------+-----
Stealth        | 6 7 8 9 10 11 12 13 | 13.8
Throwing       | 4 |  4.1
Dodging        | 2 4 5 6 8 9 11 12 13 14 15 16 23 | 23.2
Short Blades   | 3 4 |  4.4
Fighting       | 3 5 7 9 10 11 12 13 14 15 23 | 23.0
Staves         | 4 7 9 10 11 12 13 | 13.1
Evocations     | 4 8 10 11 12 13 | 13.9
Transmutations | 6 9 10 11 | 11.1
Earth Magic    | 6 9 10 11 | 11.4
Spellcasting   | 3 5 6 7 8 9 19 | 19.7
Unarmed Combat | 5 13 16 18 19 20 21 22 24 27 | 27.0
Shields        | 3 7 8 10 11 12 16 | 16.9
Invocations    | 3 7 8 21 | 21.1
Translocations | 4 6 21 | 21.7
Hexes          | 3 7 |  7.1
Air Magic      | 4 9 |  9.1
Charms         | 6 |  6.3
Summonings     | 7 |  7.1

Action                   |  1- 3 |  4- 6 |  7- 9 | 10-12 | 13-15 | 16-18 | 19-21 | 22-24 | 25-27 || total
-------------------------+-------+-------+-------+-------+-------+-------+-------+-------+-------++-------
Melee: Dagger            |    67 |    80 |   165 |   102 |    19 |       |    23 |       |     6 ||   462
       Constrict         |    16 |    27 |    45 |    43 |   161 |    52 |   291 |   174 |   740 ||  1549
       Tentacles         |    10 |    11 |    54 |    82 |   379 |   183 |   328 |   330 |  1407 ||  2784
       Quarterstaff      |       |       |    44 |   238 |  1065 |   504 |   553 |       |       ||  2404
       Punch             |       |       |       |       |       |     6 |   198 |   266 |  1217 ||  1687
       Staff             |       |       |       |       |       |     6 |     4 |       |    37 ||    47
       Unarmed           |       |       |       |       |       |       |   716 |  1158 |  4887 ||  6761
 Fire: Blowgun           |    16 |    46 |    98 |    23 |     2 |     1 |       |       |       ||   186
Throw: Throwing net      |       |       |       |     1 |     1 |       |     2 |     2 |     4 ||    10
 Cast: Repel Missiles    |       |       |       |     2 |     3 |     1 |     8 |    14 |     7 ||    35
       Statue Form       |       |       |       |       |     2 |    20 |    93 |    73 |   261 ||   449
       Regeneration      |       |       |       |       |       |       |       |     5 |    51 ||    56
       Aura of Abjuratio |       |       |       |       |       |       |       |       |    22 ||    22
       Silence           |       |       |       |       |       |       |       |       |    18 ||    18
       Deflect Missiles  |       |       |       |       |       |       |       |       |    13 ||    13
       Apportation       |       |       |       |       |       |       |       |       |     8 ||     8
       Controlled Blink  |       |       |       |       |       |       |       |       |     8 ||     8
       Blink             |       |       |       |       |       |       |       |       |     3 ||     3
       Dispersal         |       |       |       |       |       |       |       |       |     2 ||     2
Invok: Stack Five        |       |       |       |       |       |       |       |     5 |     7 ||    12
 Abil: End Transformatio |       |       |       |       |       |       |       |       |     1 ||     1
Evoke: Deck              |       |       |     8 |    32 |    61 |     9 |    57 |    10 |    36 ||   213
       Wand              |       |       |       |    30 |    54 |     7 |    35 |     7 |    29 ||   162
  Use: Scroll            |     2 |     9 |     2 |    16 |    16 |     3 |    25 |     8 |    23 ||   104
       Potion            |       |       |       |     7 |    11 |     3 |     1 |     3 |    24 ||    49
 Stab: Sleeping          |    10 |     8 |    16 |    39 |    19 |    10 |    42 |    21 |    56 ||   221
       Distracted        |       |       |     3 |     7 |    11 |     2 |    13 |     6 |    31 ||    73
       Invisible         |       |       |       |     9 |       |       |       |       |       ||     9
       Confused          |       |       |       |    10 |     3 |       |     3 |       |       ||    16
       Petrified         |       |       |       |     1 |       |       |       |       |       ||     1
       Held in net/web   |       |       |       |       |     1 |       |     1 |     3 |     3 ||     8
       Paralysed         |       |       |       |       |       |       |    11 |       |     1 ||    12
       Petrifying        |       |       |       |       |       |       |     2 |       |     1 ||     3
  Eat: Chunk             |     1 |     6 |    16 |    17 |    23 |    18 |    50 |    37 |    10 ||   178
       Beef jerky        |       |       |       |     1 |     1 |       |     1 |     4 |    10 ||    17
       Pizza             |       |       |       |     2 |     2 |     1 |       |     1 |     4 ||    10
       Royal jelly       |       |       |       |     1 |     1 |     1 |     1 |       |     2 ||     6
       Fruit             |       |       |       |       |    22 |       |       |     3 |    10 ||    35
       Meat ration       |       |       |       |       |     1 |     2 |     5 |     4 |    14 ||    26
       Bread ration      |       |       |       |       |       |       |     1 |       |    17 ||    18
Armor: Skin              |     6 |     4 |     4 |     4 |    22 |    67 |   687 |   236 |   758 ||  1788
Dodge: Dodged            |    26 |    25 |    74 |   204 |   600 |   414 |  2198 |  1232 |  4080 ||  8853
       Deflected         |       |       |       |     1 |     9 |     1 |    30 |    28 |   122 ||   191
Block: Buckler           |       |       |       |       |       |       |   294 |   498 |       ||   792
       Shield            |       |       |       |       |       |       |       |   268 |  4792 ||  5060
       Reflection        |       |       |       |       |       |       |       |       |    42 ||    42
